 Dungeon Crawl Stone Soup version 0.31.0-9-g3a7656b989 (webtiles) character file.

Game seed: 2021100880104579041

60844 qw the Spry (level 14, 0/73 HPs)
             Began as a Spriggan Hunter on Feb 2, 2024.
             Was a High Priest of Okawaru.
             Killed by mirror damage (8 damage)
             ... on level 13 of the Dungeon.
             The game lasted 00:02:34 (17846 turns).

qw the Spry (Spriggan Hunter)                      Turns: 17846, Time: 00:02:35

Health: 0/73       AC:  4    Str:  7    XL:     14   Next: 58%
Magic:  22/22      EV: 47    Int: 11    God:    Okawaru [*****.]
Gold:   942        SH:  5    Dex: 29    Spells: 13/13 levels left

rFire   . . .        y - +4 orcbow (flame)
rCold   . . .        (shield currently unavailable)
rNeg    . . .        p - +0 troll leather armour
rPois   .            x - +1 hat
rElec   .            j - scarf {repulsion}
rCorr   .            (gloves unavailable)
SInv    +            (boots unavailable)
Will    ++...        A - amulet of reflection
Stlth   ++           v - +6 ring of dexterity
HPRegen 1.12/turn    s - +5 ring of evasion
MPRegen 0.18/turn

%: repel missiles, reflection
@: about to teleport, very quick
A: very small, no large weapons, unfitting armour, see invisible, speed 3
a: Renounce Religion, Heroism, Finesse, Duel


You were on level 13 of the Dungeon.
You worshipped Okawaru.
Okawaru was extremely pleased with you.
You visited 2 branches of the dungeon, and saw 18 of its levels.
You also visited: Sewer.

You collected 981 gold pieces.
You spent 39 gold pieces at shops.


Innate Abilities, Weirdness & Mutations

You are very small and have problems with some larger weapons.
You are too small for most types of armour.
You have supernaturally acute eyesight. (SInv)
You cover ground extremely quickly. (Speed+++)


   Skills:
 - Level 8.0 Fighting
 - Level 16.1 Ranged Weapons
 - Level 1.0 Armour
 + Level 20.3 Dodging
 - Level 1.5 Stealth
 - Level 10.0 Invocations


You had 13 spell levels left.
You didn't know any spells.
Your spell library was empty.

Inventory:

Hand Weapons
 y - a +4 orcbow of flaming (weapon)
Armour
 d - a +0 cloak
 j - a scarf of repulsion (worn)
 p - a +0 troll leather armour (worn)
 q - a +2 robe of fire resistance
 t - the +3 hat of Pondering {ponderous, Will+ MP+10 Int+5}
   (You took it off Gastronok on level 9 of the Dungeon)

   Int+5:     It affects your intelligence (+5).
   Will+:     It increases your willpower.
   MP+10:     It affects your magic capacity (+10).
 x - a +1 hat (worn)
Jewellery
 s - a +5 ring of evasion (right hand)
 v - a +6 ring of dexterity (left hand)
 A - an amulet of reflection (around neck)
Wands
 g - a wand of paralysis (17)
 i - a wand of mindburst (25)
 m - a wand of quicksilver (2)
 u - a wand of roots (4)
 z - a wand of digging (6)
Scrolls
 a - 3 scrolls of identify
Potions
 b - 2 potions of might
 c - 2 potions of mutation
 e - 2 potions of haste
 h - 13 potions of curing
 l - 2 potions of resistance
 n - a potion of enlightenment

Dungeon Overview and Level Annotations

Branches:
Dungeon (13/15)            Temple (0/1) D:7            Lair (5/5) D:10
  Swamp (0/4) Lair:2        Snake (0/4) Lair:3        Slime (0/5) Lair:5
    Orc (0/2) D:9           Sewer (visited)
 Vaults: D:13-14

Altars:
Cheibriados
Elyvilon
Fedhas
Gozag
Okawaru
Uskayaw
Wu Jian
Xom
The Shining One
Jiyva

Shops:
D:1 *([!

Annotations:
D:2 1 runed translucent door, Crazy Yiuf
Lair:2 1 runed translucent door, qw's ghost, journeyman DjHu


Message History

The skeletal warrior hits you from afar with a +0 trident!!
You shoot an arrow. The arrow hits the death knight.
The arrow burns the death knight.
The death knight is moderately wounded.
The death knight completely misses you.
You block the skeletal warrior's attack.
You shoot an arrow. The arrow hits the death knight!
The arrow burns the death knight.
The death knight is heavily wounded.
The death knight misses you.
You shoot an arrow.
The arrow completely misses the death knight.
The arrow hits the skeletal warrior!
The arrow burns the skeletal warrior.
The skeletal warrior is moderately damaged.
The skeletal warrior hits you from afar with a +0 trident!!
17842 ||| READING scroll of teleportation.
As you read the scroll of teleportation, it crumbles to dust.
You feel strangely unstable. The death knight completely misses you.
The skeletal warrior completely misses you.
17843 ||| DRINKING potion of heal wounds.
You feel much better. The death knight completely misses you.
The skeletal warrior hits you from afar with a +0 trident!
You shoot an arrow.
The arrow hits the death knight but does no damage.
The death knight is heavily wounded.
The death knight offers itself to Yredelemnul, and fills with unholy energy.
The skeletal warrior hits you from afar with a +0 trident!
You shoot an arrow. The arrow hits the death knight.
The arrow burns the death knight.
The death knight is heavily wounded.
The death knight reflects your damage back at you!
The death knight barely misses you.
You block the skeletal warrior's attack.
You shoot an arrow. The arrow hits the death knight!
The arrow burns the death knight.
The death knight is severely wounded.
The death knight reflects your damage back at you!
You die...

#...#.## #...#..###
#........# #...#....#
#?........# .
#..........# .#
#......)>..# W.
#......##.## #.
#@#...## ##
.#W#############p##.##
.........z)....zz# ##
#....z.z.zp.....##
####....##.###.##
#...##### ### ....(###
##...# #....


You could see a death knight (reflects damage) and 2 skeletal warriors.

Vanquished Creatures
  Gastronok (D:9)
  Erolcha (D:9)
  5 hydras
  4 two-headed ogres
  2 boulder beetles (Lair:5)
  5 catoblepae
  11 death yaks (Lair:5)
  A skeletal warrior (D:13)
  A goliath frog (Lair:2)
  A skyshark (Lair:4)
  A deep elf pyromancer (D:13)
  2 lindwurms
  3 cyclopes
  3 manticores
  5 elephants
  A black mamba (Lair:4)
  4 molten gargoyles (D:9)
  A gargoyle (D:10)
  12 cane toads
  Joseph (D:8)
  2 torpor snails
  Maggie (D:8)
  3 rime drakes
  3 kobold demonologists
  8 komodo dragons
  Psyche (D:9)
  3 trolls
  3 hornets
  9 blink frogs
  6 slime creatures (D:12)
  9 dream sheep (Lair:4)
  A shadow (D:10)
  2 wraiths (D:12)
  62 yaks
  A vampire (D:11)
  3 wyverns
  Eustachio (D:6)
  7 basilisks
  13 vampire mosquitoes
  3 acid dragons
  Duvessa (D:5)
  15 water moccasins
  2 orc warriors (D:6)
  2 sky beasts
  2 black bears
  2 ogres
  13 wolves
  9 centaurs
  3 phantoms
  Blork the orc (D:6)
  16 bullfrogs
  3 gnoll sergeants
  A scorpion (D:6)
  Dowan (D:5)
  6 wights
  11 killer bees
  3 electric eels
  5 howler monkeys
  4 orc priests
  4 hounds
  Jessica (D:3)
  2 sleepcaps (D:4)
  An iguana (D:7)
  8 orc wizards
  Terence (D:2)
  10 adders
  A river rat (D:3)
  A shadow imp (D:7)
  13 white imps
  2 ribbon worms (D:3)
  9 dart slugs
  23 orcs
  11 ball pythons
  2 bats
  8 endoplasms
  13 giant cockroaches
  5 goblins
  3 hobgoblins
  5 jackals
  3 quokkas
  3 frilled lizards
  7 kobolds
  9 rats
451 creatures vanquished.

Vanquished Creatures (others)
  An orc wizard (D:9)
1 creature vanquished.

Grand Total: 452 creatures vanquished

Notes
Turn   | Place    | Note
-------+----------+-------------------------------------------
     0 | D:1      | qw the Spriggan Hunter began the quest for the Orb.
     0 | D:1      | Reached XP level 1. HP: 10/10 MP: 2/2
     0 | D:1      | 0 ||| qw: Version: 0.3-a-155-g5e7d8dd
     0 | D:1      | 0 ||| qw: Game counter: 1298
     0 | D:1      | 0 ||| qw: Melee chars always use a shield: true
     0 | D:1      | 0 ||| qw: God list: Okawaru
     0 | D:1      | 0 ||| qw: Allow faded altars: false
     0 | D:1      | 0 ||| qw: Do Orc after clearing Dungeon:15 true
     0 | D:1      | 0 ||| qw: Do second Lair branch before Depths: true
     0 | D:1      | 0 ||| qw: Lair rune preference: random
     0 | D:1      | 0 ||| qw: Goals: Normal
     0 | D:1      | 0 ||| PLANNING D:1-11
    20 | D:1      | Found Sumenkil's Distillery.
    20 | D:1      | Found Rueffax's Armour Emporium.
    24 | D:1      | 24 ||| SHOPLISTING 2 potions of curing (84 gold, have 0).
    24 | D:1      | 24 ||| SHOPLISTING potion of cancellation (112 gold, have
                  | 0).
    24 | D:1      | 24 ||| SHOPLISTING potion of curing (42 gold, have 0).
    24 | D:1      | 24 ||| SHOPLISTING potion of enlightenment (70 gold, have
                  | 0).
    24 | D:1      | 24 ||| SHOPLISTING potion of heal wounds (70 gold, have 0).
    24 | D:1      | 24 ||| SHOPLISTING potion of might (56 gold, have 0).
    28 | D:1      | 28 ||| SHOPLISTING +0 cloak of stealth (149 gold, have 0).
    62 | D:1      | Reached skill level 3 in Dodging
   206 | D:1      | Reached XP level 2. HP: 14/14 MP: 3/3
   220 | D:1      | Reached skill level 4 in Dodging
   572 | D:1      | Found Maskewav's General Store.
   585 | D:1      | 585 ||| BUYING potion of curing (39 gold).
   585 | D:1      | Bought a potion of curing for 39 gold pieces
   603 | D:1      | Reached XP level 3. HP: 9/18 MP: 4/4
   682 | D:1      | Found Cohyd's Antique Weapon Shoppe.
   767 | D:1      | 767 ||| READING scroll labelled MOSHRU WAHAOGGE.
   799 | D:1      | 799 ||| READING scroll labelled IDOWNU WEKKUAW.
   800 | D:1      | 800 ||| READING scroll labelled ADOLACL AM DYI.
   801 | D:1      | 801 ||| DROPPING scroll of butterflies.
   841 | D:2      | Found an ornate altar of the Wu Jian Council.
   971 | D:2      | Found a runed translucent door.
   971 | D:2      | Noticed Terence
   977 | D:2      | Killed Terence
  1009 | D:2      | Noticed Crazy Yiuf
  1106 | D:2      | Reached XP level 4. HP: 18/22 MP: 5/5
  1574 | D:2      | 1574 ||| READING scroll labelled FIT ZISIUSIX.
  1574 | D:2      | 1574 ||| IDENTIFYING bubbling yellow potion
  1575 | D:2      | 1575 ||| READING scroll labelled PALIUH CULIFEV.
  1716 | D:2      | 1716 ||| DRINKING 2 murky blue potions.
  1717 | D:2      | 1717 ||| DRINKING 2 puce potions.
  1718 | D:2      | 1718 ||| DROPPING potion of lignification.
  1719 | D:2      | 1719 ||| DROPPING potion of attraction.
  1748 | D:3      | 1748 ||| PLANNING SEWER
  2079 | D:3      | Reached skill level 5 in Dodging
  2132 | D:3      | HP: 5/22 [river rat (7)]
  2227 | D:3      | Found a glowing drain.
  2228 | D:3      | 2228 ||| UPGRADING to scarf of repulsion.
  2233 | D:3      | 2233 ||| READING scroll of identify.
  2233 | D:3      | 2233 ||| IDENTIFYING clear potion
  2234 | D:3      | 2234 ||| READING scroll labelled ZUN HOTAHEEMN.
  2235 | D:3      | 2235 ||| DROPPING potion of invisibility.
  2242 | Sewer    | Entered a sewer
  2295 | Sewer    | Reached XP level 5. HP: 26/26 MP: 6/6
  2466 | Sewer    | Reached skill level 6 in Ranged Weapons
  2476 | Sewer    | HP: 3/26 [bullfrog (7)]
  2478 | Sewer    | Reached XP level 6. HP: 3/30 MP: 7/7
  2784 | Sewer    | 2784 ||| READING scroll labelled HIATENN IBBYG.
  2784 | Sewer    | 2784 ||| ENCHANTING +0 shortbow.
  2785 | Sewer    | 2785 ||| READING scroll labelled FAMACL JIUMIDDIPS.
  2886 | Sewer    | 2886 ||| READING scroll labelled AGYGAO FAMUDIANWE.
  2906 | D:3      | 2906 ||| PLANNING D:1-11
  3021 | D:3      | Reached skill level 6 in Dodging
  3251 | D:3      | Noticed Jessica
  3253 | D:3      | Killed Jessica
  3262 | D:3      | 3262 ||| UPGRADING to +2 robe of cold resistance.
  3272 | D:3      | 3272 ||| DROPPING +0 robe.
  3273 | D:3      | 3273 ||| READING scroll of identify.
  3273 | D:3      | 3273 ||| IDENTIFYING purple potion
  3274 | D:3      | 3274 ||| READING scroll labelled KYAZURPH XUNUY.
  3287 | D:4      | Found an iron altar of Okawaru.
  3288 | D:4      | 3288 ||| PLANNING OKAWARU WORSHIP
  3302 | D:4      | Became a worshipper of Warmaster Okawaru
  3303 | D:4      | 3303 ||| PLANNING D:1-11
  3580 | D:4      | Identified the +8 spear of Bankruptcy {speed, Int+2}
  3668 | D:4      | Reached XP level 7. HP: 28/35 MP: 8/8
  3796 | D:4      | 3796 ||| DROPPING ring of wizardry.
  3797 | D:4      | 3797 ||| READING 2 scrolls of identify.
  3797 | D:4      | 3797 ||| IDENTIFYING viscous emerald potion
  3798 | D:4      | 3798 ||| READING scroll of identify.
  3798 | D:4      | 3798 ||| IDENTIFYING glowing ruby potion
  3799 | D:4      | 3799 ||| READING scroll labelled ENIOWA QAT.
  3799 | D:4      | 3799 ||| BRANDING +1 shortbow.
  3818 | D:5      | Entered Level 5 of the Dungeon
  3911 | D:5      | Reached skill level 7 in Dodging
  3971 | D:5      | Noticed Duvessa
  3971 | D:5      | Noticed Dowan
  3975 | D:5      | Killed Duvessa
  3975 | D:5      | Reached * piety under Okawaru
  3976 | D:5      | 3976 ||| INVOKING Heroism.
  3979 | D:5      | Killed Dowan
  4144 | D:5      | Reached skill level 1 in Invocations
  4314 | D:5      | Reached XP level 8. HP: 31/39 MP: 10/10
  4395 | D:5      | 4395 ||| READING scroll of enchant weapon.
  4395 | D:5      | 4395 ||| ENCHANTING +1 heavy shortbow.
  4528 | D:5      | 4528 ||| DROPPING +6 ring of intelligence.
  4529 | D:5      | 4529 ||| READING scroll of identify.
  4529 | D:5      | 4529 ||| IDENTIFYING fizzy orange potion
  4530 | D:5      | 4530 ||| DROPPING potion of degeneration.
  4760 | D:6      | 4760 ||| RETREEEEATING.
  4771 | D:6      | Reached skill level 3 in Fighting
  4771 | D:6      | Reached skill level 3 in Invocations
  4771 | D:6      | 4771 ||| FLEEEEING.
  4772 | D:6      | 4772 ||| FLEEEEING.
  4773 | D:6      | 4773 ||| FLEEEEING.
  4774 | D:6      | 4774 ||| FLEEEEING.
  4775 | D:6      | 4775 ||| FLEEEEING.
  4777 | D:6      | 4777 ||| FLEEEEING.
  4778 | D:6      | 4778 ||| FLEEEEING.
  4779 | D:6      | 4779 ||| FLEEEEING.
  4780 | D:6      | 4780 ||| FLEEEEING.
  4781 | D:6      | 4781 ||| FLEEEEING.
  4782 | D:6      | 4782 ||| FLEEEEING.
  4783 | D:6      | 4783 ||| FLEEEEING.
  4784 | D:6      | 4784 ||| FLEEEEING.
  4787 | D:6      | 4787 ||| FLEEEEING.
  4789 | D:6      | 4789 ||| FLEEEEING.
  4790 | D:6      | 4790 ||| FLEEEEING.
  4791 | D:6      | 4791 ||| FLEEEEING.
  4792 | D:6      | 4792 ||| FLEEEEING.
  4793 | D:6      | 4793 ||| FLEEEEING.
  4794 | D:6      | 4794 ||| FLEEEEING.
  4795 | D:6      | 4795 ||| FLEEEEING.
  4796 | D:6      | 4796 ||| FLEEEEING.
  4797 | D:6      | 4797 ||| FLEEEEING.
  4798 | D:6      | 4798 ||| FLEEEEING.
  4799 | D:6      | 4799 ||| STAIRDANCE
  5181 | D:6      | Noticed Blork the orc
  5183 | D:6      | 5183 ||| INVOKING Heroism.
  5187 | D:6      | Killed Blork the orc
  5188 | D:6      | Reached skill level 8 in Dodging
  5363 | D:6      | Noticed Eustachio
  5371 | D:6      | Killed Eustachio
  5371 | D:6      | Reached ** piety under Okawaru
  5385 | D:6      | 5385 ||| READING scroll labelled NEZIUVVIES.
  5385 | D:6      | 5385 ||| ENCHANTING +2 heavy shortbow.
  5393 | D:6      | Reached skill level 9 in Ranged Weapons
  5540 | D:6      | Reached skill level 9 in Dodging
  5540 | D:6      | Reached XP level 9. HP: 26/44 MP: 13/13
  5746 | D:6      | 5746 ||| READING scroll of identify.
  5746 | D:6      | 5746 ||| IDENTIFYING green potion
  5747 | D:6      | 5747 ||| READING scroll labelled UDGHIM BICU HOSCH.
  5773 | D:7      | 5773 ||| STAIRDANCE
  5796 | D:7      | Found an opulent altar of Gozag.
  5802 | D:7      | Found a glowing golden altar of the Shining One.
  5805 | D:7      | Found a shimmering altar of Xom.
  5805 | D:7      | Found a hide-covered altar of Uskayaw.
  5815 | D:7      | Found a white marble altar of Elyvilon.
  5855 | D:7      | Identified the +2 flail "Heehawy" {protect, Int+5 Dex+4}
  5987 | D:7      | Found a staircase to the Ecumenical Temple.
  6113 | D:7      | 6113 ||| RETREEEEATING.
  6114 | D:7      | 6114 ||| RETREEEEATING.
  6223 | D:7      | Reached skill level 10 in Dodging
  6318 | D:7      | 6318 ||| READING 2 scrolls of identify.
  6318 | D:7      | 6318 ||| IDENTIFYING bubbling black potion
  6319 | D:7      | 6319 ||| READING scroll of identify.
  6319 | D:7      | 6319 ||| IDENTIFYING fuming purple potion
  6320 | D:7      | 6320 ||| DROPPING potion of brilliance.
  6504 | D:8      | Reached *** piety under Okawaru
  6536 | D:8      | HP: 5/45 [yak (9)]
  6537 | D:8      | 6537 ||| READING 2 scrolls of teleportation.
  6538 | D:8      | 6538 ||| DRINKING potion of heal wounds.
  6679 | D:8      | 6679 ||| INVOKING Heroism.
  6686 | D:8      | Reached skill level 11 in Dodging
  6699 | D:8      | Reached XP level 10. HP: 49/49 MP: 14/14
  6705 | D:8      | Reached **** piety under Okawaru
  6833 | D:8      | Noticed Joseph
  6834 | D:8      | 6834 ||| INVOKING Finesse.
  6847 | D:8      | Killed Joseph
  6882 | D:8      | Reached skill level 12 in Dodging
  7127 | D:8      | Noticed Maggie
  7128 | D:8      | 7128 ||| INVOKING Heroism.
  7139 | D:8      | Killed Maggie
  7274 | D:8      | 7274 ||| UPGRADING to +5 ring of evasion.
  7275 | D:8      | 7275 ||| UPGRADING to ring of willpower.
  7276 | D:8      | 7276 ||| READING scroll labelled KEDGHA JUOHE.
  7278 | D:8      | 7278 ||| Stepping ~*~*~tactically~*~*~ (cloud).
  7385 | D:9      | 7385 ||| STAIRDANCE
  7387 | D:8      | HP: 12/49 [hornet (14)]
  7388 | D:8      | 7388 ||| READING scroll of teleportation.
  7560 | D:9      | 7560 ||| STAIRDANCE
  7701 | D:9      | 7701 ||| RETREEEEATING.
  7711 | D:9      | Paralysed by a hornet for 1 turns
  7713 | D:9      | Reached skill level 12 in Ranged Weapons
  7713 | D:9      | Reached skill level 6 in Invocations
  7866 | D:9      | Noticed Erolcha
  7867 | D:9      | 7867 ||| INVOKING Finesse.
  7868 | D:9      | 7868 ||| INVOKING Finesse.
  7875 | D:9      | Killed Erolcha
  8000 | D:9      | Found a staircase to the Orcish Mines.
  8030 | D:9      | Found a snail-covered altar of Cheibriados.
  8053 | D:9      | Noticed Psyche
  8055 | D:9      | Killed Psyche
  8101 | D:9      | Noticed Gastronok
  8102 | D:9      | 8102 ||| INVOKING Finesse.
  8119 | D:9      | Killed Gastronok
  8119 | D:9      | Reached ***** piety under Okawaru
  8120 | D:9      | Reached XP level 11. HP: 56/56 MP: 12/17
  8155 | D:9      | Found a blossoming altar of Fedhas.
  8282 | D:9      | Noticed a two-headed ogre
  8283 | D:9      | 8283 ||| INVOKING Finesse.
  8288 | D:9      | Killed a two-headed ogre
  8387 | D:9      | 8387 ||| RETREEEEATING.
  8388 | D:9      | 8388 ||| RETREEEEATING.
  8389 | D:9      | 8389 ||| RETREEEEATING.
  8390 | D:9      | 8390 ||| RETREEEEATING.
  8391 | D:9      | 8391 ||| RETREEEEATING.
  8392 | D:9      | 8392 ||| RETREEEEATING.
  8393 | D:9      | 8393 ||| RETREEEEATING.
  8526 | D:9      | HP: 12/56 [hornet (13)]
  8527 | D:9      | 8527 ||| DRINKING potion of heal wounds.
  8533 | D:9      | 8533 ||| INVOKING Finesse.
  8603 | D:9      | Reached skill level 13 in Dodging
  8792 | D:9      | 8792 ||| SWAPPING to +0 orcbow.
  8793 | D:9      | 8793 ||| DROPPING +2 heavy shortbow.
  8794 | D:9      | 8794 ||| READING 2 scrolls of brand weapon.
  8794 | D:9      | 8794 ||| BRANDING +0 orcbow.
  8795 | D:9      | 8795 ||| READING scroll of brand weapon.
  8795 | D:9      | 8795 ||| BRANDING +0 orcbow of freezing.
  8940 | D:9      | 8940 ||| READING scroll of identify.
  8940 | D:9      | 8940 ||| IDENTIFYING murky puce potion
  8941 | D:9      | 8941 ||| READING scroll labelled LEUPRE PIUDGHAL.
  8942 | D:9      | 8942 ||| DROPPING potion of ambrosia.
  8951 | D:10     | Entered Level 10 of the Dungeon
  8955 | D:10     | Noticed a two-headed ogre
  8956 | D:10     | 8956 ||| INVOKING Finesse.
  8962 | D:10     | Killed a two-headed ogre
  9068 | D:10     | 9068 ||| RETREEEEATING.
  9073 | D:10     | Reached skill level 9 in Invocations
  9150 | D:10     | Found a staircase to the Lair.
  9152 | D:10     | 9152 ||| READING scroll of enchant weapon.
  9152 | D:10     | 9152 ||| ENCHANTING +0 orcbow of draining.
  9821 | D:10     | 9821 ||| PLANNING LAIR
  9821 | D:10     | 9821 ||| READING 2 scrolls of identify.
  9821 | D:10     | 9821 ||| IDENTIFYING blue potion
  9836 | Lair:1   | Entered Level 1 of the Lair of Beasts
  9863 | Lair:1   | 9863 ||| RETREEEEATING.
  9864 | Lair:1   | 9864 ||| RETREEEEATING.
  9881 | Lair:1   | Noticed a catoblepas
  9882 | Lair:1   | 9882 ||| INVOKING Finesse.
  9898 | Lair:1   | Killed a catoblepas
 10150 | Lair:1   | Received a gift from Okawaru
 10151 | Lair:1   | Reached XP level 12. HP: 60/60 MP: 20/20
 10601 | Lair:1   | 10601 ||| RETREEEEATING.
 10602 | Lair:1   | 10602 ||| RETREEEEATING.
 10603 | Lair:1   | 10603 ||| RETREEEEATING.
 10604 | Lair:1   | 10604 ||| RETREEEEATING.
 10605 | Lair:1   | 10605 ||| RETREEEEATING.
 10606 | Lair:1   | 10606 ||| RETREEEEATING.
 10607 | Lair:1   | 10607 ||| RETREEEEATING.
 10608 | Lair:1   | 10608 ||| RETREEEEATING.
 10609 | Lair:1   | Reached skill level 14 in Dodging
 10609 | Lair:1   | 10609 ||| RETREEEEATING.
 10610 | Lair:1   | 10610 ||| RETREEEEATING.
 10611 | Lair:1   | 10611 ||| RETREEEEATING.
 10612 | Lair:1   | 10612 ||| RETREEEEATING.
 10617 | Lair:1   | 10617 ||| RETREEEEATING.
 10618 | Lair:1   | 10618 ||| RETREEEEATING.
 10619 | Lair:1   | 10619 ||| RETREEEEATING.
 10620 | Lair:1   | 10620 ||| RETREEEEATING.
 10625 | Lair:1   | 10625 ||| RETREEEEATING.
 11009 | Lair:1   | 11009 ||| DROPPING ring of magical power.
 11026 | Lair:2   | 11026 ||| PLANNING GAUNTLET
 11027 | Lair:2   | 11027 ||| STAIRDANCE
 11133 | Lair:2   | 11133 ||| STAIRDANCE
 11203 | Lair:2   | 11203 ||| RETREEEEATING.
 11204 | Lair:2   | 11204 ||| RETREEEEATING.
 11290 | Lair:2   | Found a staircase to the Swamp.
 11304 | Lair:2   | HP: 8/60 [acid (11)]
 11477 | Lair:2   | 11477 ||| RIP GAUNTLET
 11479 | Lair:2   | 11479 ||| PLANNING LAIR
 11666 | Lair:2   | Found a runed translucent door.
 11666 | Lair:2   | Noticed qw's ghost (journeyman DjHu)
 12075 | Lair:2   | Received a gift from Okawaru
 12085 | Lair:2   | Noticed a catoblepas
 12086 | Lair:2   | 12086 ||| INVOKING Finesse.
 12092 | Lair:2   | 12092 ||| Stepping ~*~*~tactically~*~*~ (cloud).
 12098 | Lair:2   | 12098 ||| Stepping ~*~*~tactically~*~*~ (cloud).
 12101 | Lair:2   | Killed a catoblepas
 12102 | Lair:2   | Reached skill level 6 in Fighting
 12102 | Lair:2   | 12102 ||| Stepping ~*~*~tactically~*~*~ (cloud).
 12176 | Lair:2   | 12176 ||| RETREEEEATING.
 12178 | Lair:2   | 12178 ||| RETREEEEATING.
 12179 | Lair:2   | 12179 ||| RETREEEEATING.
 12181 | Lair:2   | 12181 ||| RETREEEEATING.
 12182 | Lair:2   | 12182 ||| RETREEEEATING.
 12184 | Lair:2   | 12184 ||| RETREEEEATING.
 12190 | Lair:2   | 12190 ||| RETREEEEATING.
 12194 | Lair:2   | 12194 ||| RETREEEEATING.
 12617 | Lair:2   | 12617 ||| UPGRADING to +6 ring of dexterity.
 12619 | Lair:2   | 12619 ||| UPGRADING to +5 ring of evasion.
 12621 | Lair:2   | 12621 ||| DROPPING ring of willpower.
 12646 | Lair:3   | 12646 ||| INVOKING Finesse.
 12647 | Lair:3   | 12647 ||| RETREEEEATING.
 12654 | Lair:3   | Reached skill level 15 in Dodging
 12654 | Lair:3   | 12654 ||| RETREEEEATING.
 12655 | Lair:3   | 12655 ||| RETREEEEATING.
 12656 | Lair:3   | 12656 ||| RETREEEEATING.
 12657 | Lair:3   | 12657 ||| RETREEEEATING.
 12658 | Lair:3   | 12658 ||| RETREEEEATING.
 12773 | Lair:3   | Found a staircase to the Snake Pit.
 12936 | Lair:3   | Reached skill level 16 in Dodging
 12962 | Lair:3   | Noticed a six-headed hydra
 12963 | Lair:3   | 12963 ||| INVOKING Finesse.
 12969 | Lair:3   | Killed a six-headed hydra
 12999 | Lair:3   | 12999 ||| SWAPPING to +2 orcbow of flaming.
 13000 | Lair:3   | 13000 ||| DROPPING +1 orcbow of draining.
 13021 | Lair:3   | Identified the +0 scale mail of the Morning {Harm *Corrode
                  | *Slow Str+8}
 13048 | Lair:3   | 13048 ||| RETREEEEATING.
 13070 | Lair:3   | Received a gift from Okawaru
 13130 | Lair:3   | 13130 ||| READING scroll of enchant weapon.
 13130 | Lair:3   | 13130 ||| ENCHANTING +2 orcbow of flaming.
 13537 | Lair:3   | 13537 ||| UPGRADING to +1 hat.
 13579 | Lair:4   | 13579 ||| RETREEEEATING.
 13581 | Lair:4   | 13581 ||| RETREEEEATING.
 13581 | Lair:4   | Noticed a four-headed hydra
 13582 | Lair:4   | 13582 ||| RETREEEEATING.
 13584 | Lair:4   | 13584 ||| ZAPPING wand of quicksilver (4) at 4,-7
                  | (four-headed hydra; floor).
 13585 | Lair:4   | 13585 ||| ZAPPING wand of quicksilver (3) at 3,-6
                  | (four-headed hydra; floor).
 13586 | Lair:4   | 13586 ||| INVOKING Finesse.
 13591 | Lair:4   | Reached XP level 13. HP: 65/65 MP: 15/21
 13596 | Lair:4   | 13596 ||| RETREEEEATING.
 13597 | Lair:4   | 13597 ||| RETREEEEATING.
 13609 | Lair:4   | Reached skill level 17 in Dodging
 13680 | Lair:4   | 13680 ||| RETREEEEATING.
 13681 | Lair:4   | 13681 ||| RETREEEEATING.
 13854 | Lair:4   | 13854 ||| RETREEEEATING.
 13855 | Lair:4   | 13855 ||| RETREEEEATING.
 13857 | Lair:4   | 13857 ||| RETREEEEATING.
 13860 | Lair:4   | 13860 ||| RETREEEEATING.
 13861 | Lair:4   | 13861 ||| RETREEEEATING.
 13863 | Lair:4   | 13863 ||| RETREEEEATING.
 13864 | Lair:4   | 13864 ||| RETREEEEATING.
 13871 | Lair:4   | Received a gift from Okawaru
 14020 | Lair:4   | 14020 ||| RETREEEEATING.
 14021 | Lair:4   | 14021 ||| RETREEEEATING.
 14022 | Lair:4   | 14022 ||| INVOKING Finesse.
 14024 | Lair:4   | Reached skill level 15 in Ranged Weapons
 14542 | Lair:4   | 14542 ||| DROPPING amulet of guardian spirit.
 14543 | Lair:4   | 14543 ||| UPGRADING to amulet of reflection.
 14570 | Lair:5   | Entered Level 5 of the Lair of Beasts
 14583 | Lair:5   | 14583 ||| RETREEEEATING.
 14584 | Lair:5   | 14584 ||| INVOKING Finesse.
 14589 | Lair:5   | Reached skill level 18 in Dodging
 14602 | Lair:5   | Received a gift from Okawaru
 14697 | Lair:5   | Found a staircase to the Slime Pits.
 14698 | Lair:5   | Found a viscous altar of Jiyva.
 14722 | Lair:5   | 14722 ||| READING scroll of enchant weapon.
 14722 | Lair:5   | 14722 ||| ENCHANTING +3 orcbow of flaming.
 14743 | Lair:5   | 14743 ||| RETREEEEATING.
 14744 | Lair:5   | 14744 ||| RETREEEEATING.
 14746 | Lair:5   | 14746 ||| RETREEEEATING.
 14748 | Lair:5   | 14748 ||| RETREEEEATING.
 14751 | Lair:5   | 14751 ||| RETREEEEATING.
 14774 | Lair:5   | 14774 ||| INVOKING Finesse.
 14804 | Lair:5   | HP: 11/65 [death yak (25)]
 14805 | Lair:5   | 14805 ||| READING 2 scrolls of teleportation.
 15087 | Lair:5   | 15087 ||| RETREEEEATING.
 15089 | Lair:5   | 15089 ||| RETREEEEATING.
 15091 | Lair:5   | 15091 ||| RETREEEEATING.
 15095 | Lair:5   | 15095 ||| RETREEEEATING.
 15099 | Lair:5   | 15099 ||| INVOKING Finesse.
 15132 | Lair:5   | Received a gift from Okawaru
 15423 | Lair:5   | 15423 ||| Stepping ~*~*~tactically~*~*~ (cloud).
 15429 | Lair:5   | 15429 ||| Stepping ~*~*~tactically~*~*~ (cloud).
 15481 | Lair:5   | 15481 ||| RETREEEEATING.
 15483 | Lair:5   | 15483 ||| RETREEEEATING.
 15520 | Lair:5   | Reached XP level 14. HP: 59/72 MP: 22/22
 15553 | Lair:5   | 15553 ||| Stepping ~*~*~tactically~*~*~ (cloud).
 15557 | Lair:5   | 15557 ||| Stepping ~*~*~tactically~*~*~ (cloud).
 15565 | Lair:5   | 15565 ||| Stepping ~*~*~tactically~*~*~ (cloud).
 15566 | Lair:5   | Received a gift from Okawaru
 15707 | Lair:5   | 15707 ||| DRINKING potion of cancellation.
 15793 | Lair:5   | Reached skill level 19 in Dodging
 16020 | Lair:5   | 16020 ||| PLANNING D:1-11
 16020 | Lair:5   | 16020 ||| DROPPING ring of ice.
 16186 | D:11     | 16186 ||| STAIRDANCE
 16534 | D:11     | 16534 ||| PLANNING D
 16534 | D:11     | 16534 ||| DROPPING +0 acid dragon scales.
 16535 | D:11     | 16535 ||| UPGRADING to +0 troll leather armour.
 16545 | D:11     | 16545 ||| DROPPING +2 robe of cold resistance.
 16546 | D:11     | 16546 ||| DROPPING +0 steam dragon scales.
 16547 | D:11     | 16547 ||| READING 4 scrolls of identify.
 16547 | D:11     | 16547 ||| IDENTIFYING scroll labelled ZIMPUA SUME
 16548 | D:11     | 16548 ||| DROPPING scroll of silence.
 16643 | D:12     | Reached skill level 1 in Armour
 16747 | D:12     | Received a gift from Okawaru
 16757 | D:12     | 16757 ||| RETREEEEATING.
 16766 | D:12     | 16766 ||| RETREEEEATING.
 16772 | D:12     | 16772 ||| RETREEEEATING.
 16774 | D:12     | 16774 ||| RETREEEEATING.
 16776 | D:12     | 16776 ||| RETREEEEATING.
 16782 | D:12     | 16782 ||| RETREEEEATING.
 16792 | D:12     | 16792 ||| READING 2 scrolls of teleportation.
 16793 | D:12     | 16793 ||| ZAPPING wand of paralysis (19) at 1,0 (enormous
                  | slime creature; floor).
 16794 | D:12     | 16794 ||| ZAPPING wand of paralysis (18) at 1,0 (enormous
                  | slime creature; floor).
 16909 | D:12     | 16909 ||| RETREEEEATING.
 16910 | D:12     | 16910 ||| RETREEEEATING.
 16911 | D:12     | 16911 ||| RETREEEEATING.
 16913 | D:12     | 16913 ||| RETREEEEATING.
 16914 | D:12     | 16914 ||| RETREEEEATING.
 17169 | D:12     | Found a frozen archway.
 17675 | D:13     | 17675 ||| STAIRDANCE
 17693 | D:13     | Reached skill level 20 in Dodging
 17816 | D:13     | 17816 ||| RETREEEEATING.
 17817 | D:13     | 17817 ||| RETREEEEATING.
 17818 | D:13     | 17818 ||| RETREEEEATING.
 17819 | D:13     | 17819 ||| RETREEEEATING.
 17820 | D:13     | 17820 ||| RETREEEEATING.
 17821 | D:13     | 17821 ||| RETREEEEATING.
 17822 | D:13     | 17822 ||| RETREEEEATING.
 17823 | D:13     | 17823 ||| RETREEEEATING.
 17824 | D:13     | 17824 ||| RETREEEEATING.
 17825 | D:13     | 17825 ||| RETREEEEATING.
 17827 | D:13     | 17827 ||| RETREEEEATING.
 17828 | D:13     | 17828 ||| RETREEEEATING.
 17830 | D:13     | 17830 ||| RETREEEEATING.
 17841 | D:13     | HP: 16/73 [skeletal warrior/+0 trident[a death knight]
                  | (24)]
 17842 | D:13     | 17842 ||| READING scroll of teleportation.
 17843 | D:13     | 17843 ||| DRINKING potion of heal wounds.
 17846 | D:13     | Killed by mirror damage

Levels and vault maps discovered:
D:1:      wander_arrival_lonely_grave, layout_basic, serial_shops,
          nicolae_shop_tiny_waterfront, shop, nicolae_lakefront_shop, shop,
          chequers_mini_garden, hex_large, amcnicky_mini_pool_small,
          minmay_bisected
D:2:      layout_basic, basic_altar, nicolae_figureground_pulse,
          uniq_crazy_yiuf_cottage, uniq_terence
D:3:      layout_basic, lightli_sewer_entry_pipes, kennysheep_jessica_study,
          uniq_jessica
D:4:      layout_cave_pools, okawaru_metal_pillars_3,
          hangedman_abyss_or_decor_jellyfish_corner
D:5:      layout_basic, uniq_duvessa
D:6:      layout_loops_corners, sword_in_stone, uniq_blork_the_orc
D:7:      layout_rooms, nicolae_overflow_hallway_of_the_gods,
          minmay_temple_entry_junction
D:8:      layout_gridville, glass_columns_a, fungi_pond_lemuel,
          hangedman_abyss_or_decor_clamps, uniq_maggie, uniq_joseph
D:9:      minmay_s_stair_smasher, layout_stronghold,
          mainiacjoe_overflow_concentric_impassable,
          fedhas_bush_and_centaur_altar, minivault_8, uniq_gastronok,
          uniq_psyche, uniq_erolcha
D:10:     layout_loops_cross, david_lair_generic, corexii_hall_statues_x
D:11:     layout_cross
D:12:     layout_long_grid, serial_library, serial_library_hellmonk_open_square,
          serial_library_regret_index_branch_corner,
          serial_library_hellmonk_double_dead_end,
          serial_library_hellmonk_h_bend, serial_library_hellmonk_filled_rooms,
          serial_library_hellmonk_small_alcove,
          serial_library_hellmonk_open_cross, serial_library_hellmonk_u_bend,
          serial_library_hellmonk_h_bend, serial_library_hellmonk_open_square,
          serial_library_hellmonk_room_b, serial_library_hellmonk_junction,
          portal_ice_cave_entry_imps
D:13:     layout_cave_pools, grunt_vaults_entry_tiered
Lair:1:   layout_concentric_octagons
Lair:2:   layout_layer_cave, mainiacjoe_swamp_entry_lozenge_pond,
          gauntlet_entry_generic, hellmonk_ghost_happy_afterlife,
          infiniplex_staircase_pool, serial_bayou_shore_a
Lair:3:   layout_chaotic_city, dummy_snake_entry, minmay_holes,
          grunt_megastairs_3, lemuel_fruit_tree
Lair:4:   layout_gridlike, chequers_serial_rivers_marsh, lemuel_fruit_fields,
          grunt_megastairs_5
Lair:5:   evilmike_catoblepas_cave, layout_cave_pods, slime_entry_1,
          hellmonk_talismancer

Skill      XL: |  1  2  3  4  5  6  7  8  9 10 11 12 13 14 |
---------------+-------------------------------------------+-----
Dodging        | 3 4 5 6 7 9 11 12 13 16 18 20 | 20.3
Ranged Weapons | 5 6 8 9 10 12 13 14 16 | 16.1
Fighting       | 2 3 4 5 6 7 8 |  8.0
Invocations    | 1 4 7 10 | 10.0
Armour         | 1 |  1.0
Stealth        | |  1.5

Action                     |  1- 3 |  4- 6 |  7- 9 | 10-12 | 13-15 || total
---------------------------+-------+-------+-------+-------+-------++-------
   Fire: Shortbow          |   102 |   218 |   254 |   251 |       ||   825
         Orcbow            |       |       |       |   475 |   734 ||  1209
 Invoke: Heroism           |       |       |     3 |     1 |       ||     4
         Finesse           |       |       |       |    11 |     4 ||    15
  Evoke: Wand              |       |       |       |     2 |     2 ||     4
    Use: Scroll            |     3 |     9 |    11 |     9 |     5 ||    37
         Potion            |       |     2 |     1 |     1 |     2 ||     6
 Armour: Robe              |    13 |    27 |    42 |    75 |    24 ||   181
         Troll leather arm |       |       |       |       |    10 ||    10
  Dodge: Dodged            |    46 |   112 |   166 |   545 |   227 ||  1096
         Repelled          |       |     1 |     3 |     6 |     2 ||    12
  Block: Other             |       |       |       |       |    25 ||    25
         Reflection        |       |       |       |       |     2 ||     2

Table legend:
 A = Non-vault XP
 B = Vault XP
 C = Vault XP percentage of total XP
 D = Non-vault monster count
 E = Vault monster count
 F = Vault count percentage of total count
                 A         B        C        D         E       F
            +---------+---------+-------+---------+---------+-------
      Total |   59910 |   27011 |  31.1 |     319 |     132 |  29.3
            +---------+---------+-------+---------+---------+-------
        D:1 |      37 |       8 |  17.8 |      20 |       4 |  16.7
        D:2 |      28 |      30 |  51.7 |      11 |       1 |   8.3
        D:3 |     172 |      76 |  30.6 |      18 |       7 |  28.0
        D:4 |     141 |       0 |   0.0 |      14 |       0 |   0.0
        D:5 |     490 |     218 |  30.8 |       8 |       2 |  20.0
        D:6 |     765 |     750 |  49.5 |      13 |       7 |  35.0
        D:7 |    1062 |       0 |   0.0 |      18 |       0 |   0.0
        D:8 |    2944 |    1141 |  27.9 |      28 |       4 |  12.5
        D:9 |    1953 |    6289 |  76.3 |       9 |      21 |  70.0
       D:10 |    2021 |    1060 |  34.4 |       8 |       4 |  33.3
       D:11 |    2765 |       0 |   0.0 |      11 |       0 |   0.0
       D:12 |    7575 |     124 |   1.6 |      33 |      12 |  26.7
       D:13 |    3112 |       0 |   0.0 |      10 |       0 |   0.0
     Lair:1 |    7039 |       0 |   0.0 |      26 |       0 |   0.0
     Lair:2 |    4326 |    1171 |  21.3 |      16 |       2 |  11.1
     Lair:3 |    4757 |    1422 |  23.0 |      16 |       9 |  36.0
     Lair:4 |    9451 |    2528 |  21.1 |      33 |       9 |  21.4
     Lair:5 |   11272 |   11933 |  51.4 |      27 |      25 |  48.1
      Sewer |       0 |     261 | 100.0 |       0 |      25 | 100.0
            +---------+---------+-------+---------+---------+-------
